 Dungeon Crawl Stone Soup version 0.29-a0-1043-g569b05d6ff (webtiles) character file.

Game seed: 16962395689999034330

207 pyrow613 the Trooper (level 5, 0/47 HPs)
             Began as a Draconian Abyssal Knight on Aug 15, 2022.
             Was a Priest of Lugonu.
             Slain by a killer bee (6 damage)
             ... on level 7 of the Dungeon.
             The game lasted 00:09:56 (2640 turns).

pyrow613 the Trooper (Draconian Abyssal Knight)     Turns: 2640, Time: 00:09:57

Health: 0/47       AC: 10    Str: 23    XL:     5   Next: 54%
Magic:  5/7        EV: 12    Int: 11    God:    Lugonu [***...]
Gold:   221        SH:  0    Dex: 11    Spells: 4/4 levels left

rFire   . . .      SeeInvis .   a - +2 spear
rCold   . . .      Faith    .   (no shield)
rNeg    . . .      Spirit   .   (body armour unavailable)
rPois   .          Reflect  .   (helmet restricted)
rElec   .          Harm     .   (no cloak)
rCorr   .          Rampage  .   o - +0 pair of gloves
Will    .....                   (no boots)
Stlth   ++........              (no amulet)
HPRegen 0.15/turn               p - +6 ring of strength
MPRegen 0.10/turn               g - +4 ring of protection

@: no status effects
A: AC +5, unfitting armour, cold-blooded
a: Renounce Religion, Depart the Abyss, Bend Space, Banish


You were on level 7 of the Dungeon.
You worshipped Lugonu.
Lugonu was most pleased with you.
You visited 1 branch of the dungeon, and saw 5 of its levels.
You visited the Abyss 1 time.

You collected 221 gold pieces.

Inventory:

Hand Weapons
 a - a +2 spear (weapon)
Armour
 o - a +0 pair of gloves (worn)
Magical Staves
 i - a staff of earth
Jewellery
 g - a +4 ring of protection (right hand)
 j - a ring of willpower
 p - a +6 ring of strength (left hand)
Wands
 e - a wand of digging (5)
Scrolls
 b - a scroll of fog
 c - a scroll of vulnerability
 h - 3 scrolls of immolation
 l - a scroll of torment {unknown}
 n - a scroll of silence {unknown}
 q - a scroll of enchant armour {unknown}
Potions
 d - 2 potions of heal wounds {unknown}
 f - a potion of mutation {unknown}
 m - 3 potions of curing


   Skills:
 * Level 4.6 Fighting
 * Level 3.4 Polearms
 + Level 2.8 Dodging
 + Level 1.6 Stealth
 + Level 3.0 Invocations


You had 4 spell levels left.
You didn't know any spells.
Your spell library contained the following spells:

 Spells                   Type           Power      Damage    Failure   Level
 Teleport Other           Tloc           0%         N/A       71%         3
 Summon Forest            Summ/Tloc      0%         N/A       100%        5
 Dragon's Call            Summ           0%         N/A       100%        9


Dungeon Overview and Level Annotations

Branches:
Dungeon (4/15)
 Temple: D:4-7

Altars:
Hepliaklqana
Makhleb

Annotations:
D:7 Joseph, Menkaure


Innate Abilities, Weirdness & Mutations

Your plain brown scales are hard. (AC +5)
You cannot fit into any form of body armour.
You are cold-blooded and may be slowed by cold attacks.


Message History

The water moccasin blinks!
Unknown command.
Space bends violently around you!
You blink.
Found a clear potion.
The orc attacks as you move away! The orc hits you with a +0 hand axe.
* * * LOW HITPOINT WARNING * * *
The orc attacks as you move away! The orc hits you but does no damage.
The killer bee attacks as you move away!
The killer bee closely misses you. The killer bee completely misses you.
The killer bee attacks as you move away!
The killer bee completely misses you. The orc attacks as you move away!
The orc hits you but does no damage. The killer bee closely misses you.
As you read the scroll of summoning, it crumbles to dust.
Wisps of shadow whirl around you... The killer bee stings you.
* * * LOW HITPOINT WARNING * * *
The killer bee stings your steam dragon but does no damage.
The orc hits your steam dragon with a +0 hand axe.
The orc misses your ufetubus.
The killer bee stings you but does no damage.
The killer bee stings your steam dragon.
Your steam dragon is poisoned.
The killer bee poisons your steam dragon!
The killer bee closely misses you.
The killer bee barely misses your steam dragon.
Your ufetubus hits the orc.
Your ufetubus completely misses the orc.
The orc barely misses your steam dragon.
The orc barely misses your ufetubus.
The killer bee stings you but does no damage.
Your steam dragon closely misses the killer bee.
Your steam dragon claws the killer bee.
The killer bee stings your steam dragon.
Something stings your steam dragon but does no damage.
Your ufetubus hits the orc.
The orc dies!
Lugonu accepts your kill. The killer bee barely misses you.
Your jelly hits the killer bee but does no damage.
The killer bee attacks as you move away!
The killer bee stings you.
You die...

#############
###.yS..S.y...#######
#..o..oo.oW..........
###5#y#########.######.
#....D# #...y..yoW
#.###y########.[######y
#J@.....##..# #.
#.#####.##..# #. ...#
#..# #. #.#.# ...# #.
...#.# ##!.. .. ..# #..
.. ... #. #F......# ...
M. #. #.......## ## #)
#.......... ..


You could see 2 killer bees, an orc, a friendly steam dragon (summoned,
poisoned), a friendly jelly (summoned) and a friendly ufetubus (summoned).

Vanquished Creatures
  A scorpion (D:3)
  An iguana (D:3)
  An orc wizard (D:3)
  2 adders (D:2)
  3 dart slugs
  4 orcs (D:3)
  8 ball pythons
  6 bats
  6 endoplasms
  4 giant cockroaches
  4 hobgoblins
  6 kobolds
  3 quokkas
  4 frilled lizards
  7 goblins
  6 rats
66 creatures vanquished.

Vanquished Creatures (collateral kills)
  An orc (D:7)
1 creature vanquished.

Vanquished Creatures (others)
  4 fungi (D:3)
  5 plants (D:3)
9 creatures vanquished.

Grand Total: 76 creatures vanquished

Notes
Turn   | Place    | Note
-------+----------+-------------------------------------------
     0 | Abyss:1  | pyrow613 the Draconian Abyssal Knight began the quest for
                  | the Orb.
     0 | Abyss:1  | Reached XP level 1. HP: 19/19 MP: 2/2
     0 | D:1      | Escaped the Abyss
   166 | D:1      | Reached XP level 2. HP: 26/26 MP: 3/3
   717 | D:1      | Reached XP level 3. HP: 31/33 MP: 4/4
   874 | D:2      | Reached skill level 1 in Stealth
  1010 | D:2      | Reached skill level 4 in Fighting
  1111 | D:2      | Reached *** piety under Lugonu
  1112 | D:2      | Reached XP level 4. HP: 40/40 MP: 5/5
  1448 | D:3      | Found a faded altar of an unknown god.
  1541 | D:3      | Found a hazy altar of Hepliaklqana.
  1715 | D:3      | Noticed a scorpion
  1724 | D:3      | Killed a scorpion
  1725 | D:3      | Reached XP level 5. HP: 42/47 MP: 7/7
  2240 | D:4      | You fall into a shaft and drop 3 floors!
  2293 | D:7      | Noticed Joseph
  2449 | D:7      | Got the Encyclopedia of the Supportive Wayfarer
  2459 | D:7      | Noticed Menkaure
  2607 | D:7      | Found a burning altar of Makhleb.
  2617 | D:7      | Noticed a water moccasin
  2617 | D:7      | Noticed a phantom
  2640 | D:7      | Slain by a killer bee

Illustrated notes

Levels and vault maps discovered:
D:1:      lightli_arrival_boilingwater, layout_basic, roderic_serpentine_path
D:2:      layout_basic
D:3:      layout_rooms, worldfamousw_hep_ancestral_shrine, serial_forest,
          infiniplex_forest_end_2, infiniplex_forest_clump_medium,
          infiniplex_forest_lined_corner, infiniplex_forest_corner_1,
          infiniplex_forest_clump_cross,
          shapermc_ecumenical_altar_mp_urbaneastern, guppyfry_early_lair_pool
D:4:      minmay_wonky_spiral, layout_basic, temple_doors_cd
D:7:      layout_loops_ring, lightli_temple_of_fire, uniq_joseph, uniq_menkaure

Skill      XL: |  1  2  3  4  5 |
---------------+----------------+-----
Stealth        | 1 |  1.6
Fighting       | 4 |  4.6
Polearms       | 3 |  3.4
Invocations    | 3 |  3.0
Dodging        | |  2.8

Action                   |  1- 3 |  4- 6 || total
-------------------------+-------+-------++-------
Melee: Spear             |   123 |    98 ||   221
       Tailslap          |    15 |     6 ||    21
       Punch             |     1 |     1 ||     2
Invok: Depart the Abyss  |     1 |       ||     1
       Bend Space        |       |     3 ||     3
Evoke: Wand              |       |     1 ||     1
  Use: Scroll            |       |    10 ||    10
 Stab: Sleeping          |     4 |     1 ||     5
Armor: Skin              |    22 |    36 ||    58
Dodge: Dodged            |    50 |    58 ||   108

Table legend: (Time is in decaauts)
 A = Elapsed time spent in this place.
 B = Non-inter-level travel time spent in this place.
 C = Inter-level travel time spent in this place.
 D = Time resting spent in this place.
 E = Time spent auto-exploring this place.
 F = Levels seen in this place.
 G = Mean time per level.
                   A        B        C        D        E       F      G
               +--------+--------+--------+--------+--------+-----+--------+
         Total |   2633 |   2583 |     50 |      3 |   1768 |   6 |  438.8 |
       Dungeon |   2633 |   2583 |     50 |      3 |   1768 |   5 |  526.6 |
         Abyss |      0 |      0 |      0 |      0 |      0 |   1 |    0.0 |
               +--------+--------+--------+--------+--------+-----+--------+

Top non-repeatable levels by time:
     D:3: 835 daAuts
     D:1: 793 daAuts
     D:2: 575 daAuts
     D:7: 399 daAuts
     D:4: 29 daAuts
